AoeStats
← La bestia

Black Forest

511661829Analyzed
2v2 RM · 11d ago on Oct 6, 2026· 46m 57s· 4 players
Game mode
Random Map
Map size
Medium (4 player)
Population
200
Speed
Normal
Resources
Standard
Victory
Conquest
Starting age
Dark Age
Ending age
Imperial Age
RankedLock teamsTeams togetherTeam positionsShared explorationLock speedFull tech treeHidden civsTurbo modeCheats
Victory
Defeat
🇨🇴 Aztecs · Colombia
990
+14
🇺🇸 Burgundians · United States
920
+17
vs
🇻🇪 Italians · Venezuela
1008
-18
🇻🇪 Goths · Venezuela
885
-13
La bestia
0:32 Loom
16:57 Feudal Age
20:34 Man-at-Arms
23:52 Castle Age
25:11 Long Swordsman
27:02 Double-Bit Axe
27:33 Gold Mining
32:03 Bow Saw
33:19 Fletching
36:48 Forging
37:12 Squires
39:49 Imperial Age
40:55 Conscription
41:09 Perfusion
43:44 Two-Man Saw
45:08 Scale Mail Armor
46:11 Chain Mail Armor
46:33 Iron Casting
Fryn0x
0:43 Loom
13:33 Feudal Age
14:48 Double-Bit Axe
14:43 Horse Collar
20:04 Gold Mining
23:17 Castle Age
24:33 Wheelbarrow
26:44 Scale Barding Armor
27:51 Stone Mining
28:53 Heavy Plow
32:03 Hand Cart
32:14 Fortified Wall
34:14 Masonry
37:01 Imperial Age
37:12 Coinage
37:22 Fletching
37:57 Ballistics
38:30 Bow Saw
39:12 Bodkin Arrow
39:25 Thumb Ring
40:23 Chemistry
40:07 Crop Rotation
40:02 Fervor
42:24 Two-Man Saw
41:39 Bracer
45:34 Padded Archer Armor
46:46 Architecture
DEADASS BEE
10:42 Feudal Age
10:20 Double-Bit Axe
16:08 Castle Age
14:24 Bow Saw
15:56 Wheelbarrow
15:51 Horse Collar
16:11 Gold Mining
18:14 Two-Man Saw
18:16 Heavy Plow
18:03 Loom
20:20 Hand Cart
22:58 Gold Shaft Mining
23:41 Stone Mining
25:40 Scale Barding Armor
26:19 Stone Shaft Mining
27:21 Fletching
27:32 Padded Archer Armor
28:48 Burgundian Vineyards
30:33 Crop Rotation
31:55 Bodkin Arrow
32:15 Leather Archer Armor
34:46 Imperial Age
32:46 Scale Mail Armor
32:56 Forging
32:09 Elite Skirmisher
33:29 Town Watch
36:56 Chemistry
35:26 Pikeman
36:06 Squires
36:23 Chain Mail Armor
36:43 Iron Casting
36:12 Bracer
36:28 Chain Mail Armor
36:48 Iron Casting
36:26 Halberdier
36:56 Onager
38:04 Caravan
39:07 Conscription
45:35 Guilds
46:06 Husbandry
46:12 Light Cavalry
46:41 Treadmill Crane
47:28 Ballistics
47:20 Masonry
Dovalle95
2:12 Loom
14:50 Feudal Age
16:50 Double-Bit Axe
16:49 Horse Collar
21:55 Scale Mail Armor
22:06 Forging
27:40 Castle Age
29:17 Eagle Warrior
29:17 Pikeman
29:22 Crossbowman
31:24 Padded Archer Armor
31:28 Heavy Plow
31:47 Bow Saw
39:32 Imperial Age
38:51 Wheelbarrow
40:23 Chain Mail Armor
40:44 Iron Casting
40:25 Leather Archer Armor
42:42 Plate Mail Armor
44:34 Chemistry
43:55 Ballistics
43:16 Arbalester
45:28 Garland Wars
Connection lost

Rejoining the realm…

Still unreachable

The connection could not be restored.

Session expired

The server has moved on; the page needs a fresh start.